 Dungeon Crawl Stone Soup version 0.29.1-15-g9cfb28693d (webtiles) character file.

Game seed: 2612857631543732203

160 protoss039 the Digger (level 5, 0/42 HPs)
             Began as a Demonspawn Earth Elementalist on Mar 3, 2023.
             Succumbed to a scorpion's poison
             ... on level 4 of the Dungeon.
             The game lasted 00:04:14 (2670 turns).

protoss039 the Digger (DsEE)                        Turns: 2670, Time: 00:04:15

Health: 0/42       AC:  5    Str:  9    XL:     5   Next: 17%
Magic:  1/9        EV: 10    Int: 18    God:
Gold:   130        SH:  0    Dex: 13    Spells: 7/10 levels left

rFire   . . .      SeeInvis .   c - +0 dagger
rCold   . . .      Faith    .   (no shield)
rNeg    . . .      Spirit   +   k - +0 ring mail
rPois   .          Reflect  .   (no helmet)
rElec   .          Harm     .   v - scarf {repulsion}
rCorr   .          Rampage  .   (no gloves)
Will    .....                   (no boots)
Stlth   +.........              (no amulet)
HPRegen 0.14/turn               q - +4 ring of slaying
MPRegen 0.22/turn               (no ring)

@: lethally poisoned (0 -> -10), attractive, repel missiles
A: magic shield, magic regeneration, robust 1
a: no special abilities


You were on level 4 of the Dungeon.
You visited 1 branch of the dungeon, and saw 4 of its levels.

You collected 130 gold pieces.

Inventory:

Hand Weapons
 c - a +0 dagger (weapon)
Armour
 k - a +0 ring mail (worn)
 v - a scarf of repulsion (worn)
Jewellery
 q - a +4 ring of slaying (left hand)
Wands
 o - a wand of polymorph (8)
 w - a wand of iceblast (10)
Scrolls
 f - 2 scrolls of blinking {unknown}
 g - 3 scrolls of teleportation {unknown}
 h - 4 scrolls of identify {unknown}
 i - a scroll of immolation {unknown}
 j - a scroll of enchant weapon {unknown}
 l - 4 scrolls of vulnerability {unknown}
 r - a scroll of fear {unknown}
 s - a scroll of fog {unknown}
 u - a scroll of enchant armour {unknown}
Potions
 a - a potion of mutation
 b - 2 potions of magic
 e - a potion of attraction
 m - a potion of haste {unknown}
 n - a potion of curing {unknown}
 p - a potion of berserk rage {unknown}
 t - a potion of heal wounds {unknown}


   Skills:
 + Level 2.4 Fighting
 + Level 1.1 Armour
 - Level 1.7 Dodging
 - Level 1.7 Stealth
 + Level 3.1 Spellcasting
 - Level 0.8 Transmutations
 + Level 3.7 Earth Magic


You had 7 spell levels left.
You knew the following spells:

 Your Spells              Type           Power      Damage    Failure   Level
a - Sandblast             Erth           32%        2d9       10%         1
b - Passwall              Tmut/Erth      9%         N/A       26%         2

Your spell library contained the following spells:

 Spells                   Type           Power      Damage    Failure   Level
 Stone Arrow              Conj/Erth      18%        3d8       54%         3
 Petrify                  Tmut/Erth      11%        N/A       86%         4


Dungeon Overview and Level Annotations

Branches:
Dungeon (4/15) Zot: 21289
 Temple: D:4-7

Altars:
Ashenzari
Ru
Sif Muna

Shops:
D:1 *:   D:2 (

Annotations:
D:4 2 transporters, Weresquid's ghost, amateur TeFE


Innate Abilities, Weirdness & Mutations

When hurt, damage is shared between your health and your magic reserves.
You regenerate magic rapidly.
You are robust. (+10% HP)


Message History

Casting: Sandblast (safe; 11% risk of failure)
Confirm with . or Enter, or press ? or * to list all spells.
Aiming: Sandblast (safe; 11% risk of failure)
Press: ? - help, Shift-Dir - straight line, f/p - scorpion
Aim: a scorpion (almost dead, 82% to hit)
The blast of sand hits the scorpion but does no damage.
The scorpion is almost dead.
You feel very sick. The scorpion stings you.
You are lethally poisoned!
The scorpion poisons you!
Unknown command.
Casting: Sandblast (safe; 11% risk of failure)
Confirm with . or Enter, or press ? or * to list all spells.
Aiming: Sandblast (safe; 11% risk of failure)
Press: ? - help, Shift-Dir - straight line, f/p - scorpion
Aim: a scorpion (almost dead, 82% to hit)
The blast of sand hits the scorpion.
You kill the scorpion!
* * * LOW HITPOINT WARNING * * *
You feel extremely sick.
Your Armour skill increases to level 1!
You have reached level 5!
Unknown command.
It was a potion of mutation.
You feel extremely strange.
You feel robust.
* * * LOW HITPOINT WARNING * * *
You feel very sick.
Unknown command.
Unknown command.
It was a potion of attraction.
You feel attractive to monsters.
* * * LOW HITPOINT WARNING * * *
You feel very sick.
Unknown command.
Unknown command.
It was a potion of cancellation.
Your magical effects are unravelling.
You feel magically purged.
You die...

######################
##.....................
##...........@†.........
#....≈≈≈≈≈≈≈≈≈≈≈≈~≈≈≈≈≈≈
#.##.≈≈≈≈≈≈≈≈≈≈≈≈~≈≈≈≈≈≈
#.##.≈≈#####........[..#
#.##.≈≈#g..#.###.©.###.#
#.##.≈≈#...###g#####.# #
#.##.≈≈###...... ... .
##.##.≈≈.8#.######'######
#...#.≈≈.##.#P⌠ #".$#.##


You could see a gnoll.

Vanquished Creatures
  A scorpion (D:4)
  5 adders (D:2)
  2 worms (D:2)
  A dart slug (D:1)
  2 orcs
  4 ball pythons
  5 bats
  5 endoplasms
  2 giant cockroaches
  4 goblins
  3 hobgoblins
  5 kobolds
  3 quokkas
  2 frilled lizards
  4 rats
48 creatures vanquished.

Notes
Turn   | Place    | Note
-------+----------+-------------------------------------------
     0 | D:1      | protoss039 the Demonspawn Earth Elementalist began the
                  | quest for the Orb.
     0 | D:1      | Reached XP level 1. HP: 13/13 MP: 3/3
     1 | D:1      | Found Sixat's Book Shoppe.
   328 | D:1      | Found a faded altar of an unknown god.
   341 | D:1      | Gained mutation: You regenerate magic rapidly. [demonic
                  | ancestry]
   341 | D:1      | Reached XP level 2. HP: 20/20 MP: 3/5
   583 | D:1      | Found Ficuw's General Store.
   593 | D:1      | Reached skill level 1 in Fighting
  1089 | D:2      | Gained mutation: When hurt, damage is shared between your
                  | health and your magic reserves. [demonic ancestry]
  1089 | D:2      | Reached XP level 3. HP: 26/26 MP: 3/6
  1312 | D:2      | Reached XP level 4. HP: 33/33 MP: 4/8
  1634 | D:2      | Found Vollaim's Weapon Emporium.
  1731 | D:2      | Learned a level 2 spell: Passwall
  2151 | D:3      | Found a broken altar of Ashenzari.
  2257 | D:3      | Found a shimmering blue altar of Sif Muna.
  2290 | D:3      | Found a sacrificial altar of Ru.
  2555 | D:4      | Found a transporter.
  2564 | D:4      | Noticed Weresquid's ghost (amateur TeFE)
  2642 | D:4      | Noticed a scorpion
  2648 | D:4      | Found a transporter.
  2667 | D:4      | Killed a scorpion
  2668 | D:4      | Reached skill level 1 in Armour
  2668 | D:4      | Reached XP level 5. HP: 9/39 MP: 0/9
  2668 | D:4      | Gained mutation: You are robust. (+10% HP) [potion of
                  | mutation]
  2669 | D:4      | HP: 2/42 [poisoned by a scorpion]
  2670 | D:4      | Succumbed to a scorpion's poison

Illustrated notes

Levels and vault maps discovered:
D:1:      spicycebolla_arrival_clurvy, layout_basic,
          shapermc_ecumenical_altar_mp_ritualfount, serial_shops, shop,
          nicolae_diamond_shop
D:2:      layout_basic, serial_shops, shop, minmay_misc_feat_x
D:3:      layout_basic, mainiacjoe_overflow_catwalk,
          mainiacjoe_overflow_tiny_flanked, mainiacjoe_overflow_brackets,
          mainiacjoe_overflow_paths
D:4:      dreamdust_elfheim, layout_cave_pools,
          grunt_temple_overflow_gold_and_silver, minmay_temple_entry_glass,
          gammafunk_ghost_gnarly_gnolls

Skill      XL: |  1  2  3  4 |
---------------+-------------+-----
Fighting       | 1 2 |  2.4
Earth Magic    | 3 |  3.7
Spellcasting   | 3 |  3.1
Armour         | 1 |  1.1
Dodging        | |  1.7
Stealth        | |  1.7
Transmutations | |  0.8

Action                   |  1- 3 |  4- 6 || total
-------------------------+-------+-------++-------
Melee: Dagger            |     4 |    28 ||    32
 Cast: Sandblast         |    46 |    33 ||    79
  Use: Potion            |       |     3 ||     3
Armor: Ring mail         |    14 |    16 ||    30
       Robe              |     1 |       ||     1
Dodge: Dodged            |    11 |    20 ||    31
